 Seeded DCSS version 0.31-a0-636-ge1c0e020e0 (webtiles) character file.

Game seed: 4195744468206876777 (custom seed)

44 Mickster the Chopper (level 3, -2/33 HPs)
             Began as a Hill Orc Berserker on Aug 27, 2023.
             Was a Believer of Trog.
             Slain by Sigmund
             ... wielding a +0 scythe
              (8 damage)
             ... on level 2 of the Dungeon.
             The game lasted 00:06:13 (1116 turns).

Mickster the Chopper (Hill Orc Berserker)           Turns: 1116, Time: 00:06:13

Health: -2/33      AC: 12    Str: 21    XL:     3   Next: 62%
Magic:  3/3        EV:  8    Int:  7    God:    Trog [**....]
Gold:   7          SH:  0    Dex: 10    Spells: 2/2 levels left

rFire   . . .        a - +0 hand axe
rCold   . . .        (no shield)
rNeg    . . .        e - +0 chain mail
rPois   .            d - +2 helmet
rElec   .            (no cloak)
rCorr   +            (no gloves)
SInv    .            (no boots)
Will    .....        (no amulet) Stlth
                     h - ring of resist corrosion
HPRegen 0.25/turn    (no ring)
MPRegen 0.08/turn

%: no passive effects
@: no status effects
A: no striking features
a: Renounce Religion, Berserk, Trog's Hand


You were on level 2 of the Dungeon.
You worshipped Trog.
Trog was pleased with you.
You visited 1 branch of the dungeon, and saw 2 of its levels.

You collected 7 gold pieces.

Inventory:

Hand Weapons
 a - a +0 hand axe (weapon)
Missiles
 c - 13 stones
 g - a throwing net
 i - 3 javelins (quivered)
Armour
 d - a +2 helmet (worn)
 e - a +0 chain mail (worn)
Jewellery
 h - a ring of resist corrosion (left hand)
Potions
 b - a potion of brilliance {unknown}
 f - a potion of haste {unknown}
 j - a potion of resistance {unknown}


   Skills:
 + Level 4.3 Fighting
 + Level 5.0 Axes
 + Level 2.4 Armour
 + Level 1.9 Dodging


You had 2 spell levels left.
You didn't know any spells.
Your spell library was empty.

Dungeon Overview and Level Annotations

Branches:
Dungeon (2/15)

Altars:

Shops:
D:2 =

Annotations:
D:2 Sigmund


Message History

A quokka comes into view.
The quokka moves out of view.
You miss the quokka. The quokka bites you.
You slash the quokka!
You kill the quokka!
Trog accepts your kill.
Your Axes skill increases to level 5!
A worm comes into view.
Sigmund the Dreaded comes into view.
He is wielding a +0 scythe.
Sigmund shouts!
Sigmund gestures wildly while chanting.
Sigmund flickers and vanishes!
Deactivating autopickup; reactivate with Ctrl-A.
The worm bites you but does no damage.
You hit the worm but do no damage. Something hits you.
You hit the worm but do no damage. The worm barely misses you.
Something hits you.
You barely miss the worm. The worm bites you but does no damage.
You hit the worm.
The worm is lightly wounded.
Something hits you.
You hit the worm.
The worm is lightly wounded.
An endoplasm comes into view.
Something hits you. The worm bites you!
The endoplasm quivers.
You hit the worm.
The worm is moderately wounded.
You hit the worm.
The worm is moderately wounded.
Something hits you but does no damage. The worm bites you but does no damage.
You hit the worm.
The worm is heavily wounded.
Something hits you!
* * * LOW HITPOINT WARNING * * *
The worm closely misses you.
You slash the worm!
The worm is severely wounded.
Something hits you!
You die...

♣.♣♣..##
♣.....#
.......#.#
.##.####.#
#.. #.# ...
#.# ..
####.###
#..##......#
#..J{w@....#
#..##......#
#......#
#......#
#......#
########


You could see a worm and an endoplasm.

Vanquished Creatures
  A dart slug (D:1)
  3 endoplasms
  3 goblins
  2 hobgoblins
  3 jackals (D:1)
  5 quokkas
  7 ball pythons
  4 bats
  2 frilled lizards (D:1)
  4 kobolds
  3 rats
37 creatures vanquished.

Notes
Turn   | Place    | Note
-------+----------+-------------------------------------------
     0 | D:1      | Mickster the Hill Orc Berserker began the quest for the
                  | Orb.
     0 | D:1      | Reached XP level 1. HP: 19/19 MP: 1/1
    54 | D:1      | Reached XP level 2. HP: 13/27 MP: 2/2
   428 | D:1      | Reached XP level 3. HP: 33/33 MP: 3/3
   441 | D:1      | Reached ** piety under Trog
   769 | D:2      | Found Veimiuc's Jewellery Shop.
  1085 | D:2      | Reached skill level 5 in Axes
  1105 | D:2      | Noticed Sigmund
  1116 | D:2      | Slain by Sigmund

Illustrated notes

Levels and vault maps discovered:
D:1:      dpeg_chamrin_arrival_tetris, layout_basic, nicolae_figureground_pulse
D:2:      layout_rooms, serial_shops, shop_fountains,
          chequers_ecumenical_altar_grove, uniq_sigmund

Skill      XL: |  1  2  3 |
---------------+----------+-----
Fighting       | 4 |  4.3
Axes           | 5 |  5.0
Armour         | |  2.4
Dodging        | |  1.9

Action                     || total
---------------------------++-------
  Melee: Hand axe          ||   107
         Punch             ||     2
 Invoke: Berserk           ||     1
    Use: Scroll            ||     2
         Potion            ||     1
 Armour: Animal skin       ||     3
         Chain mail        ||    68
  Dodge: Dodged            ||    70

Table legend: (Time is in decaauts)
 A = Elapsed time spent in this place.
 B = Non-inter-level travel time spent in this place.
 C = Inter-level travel time spent in this place.
 D = Time resting spent in this place.
 E = Time spent auto-exploring this place.
 F = Levels seen in this place.
 G = Mean time per level.
                   A        B        C        D        E       F      G
               +--------+--------+--------+--------+--------+-----+--------+
         Total |   1135 |   1135 |      0 |     19 |    615 |   2 |  567.5 |
       Dungeon |   1135 |   1135 |      0 |     19 |    615 |   2 |  567.5 |
               +--------+--------+--------+--------+--------+-----+--------+

Top non-repeatable levels by time:
     D:1: 786 daAuts
     D:2: 349 daAuts
